 Dungeon Crawl Stone Soup version 0.23.1 (webtiles) character file.

Game seed: 15312497973004513404

4005 Borgoz the Grappler (level 10, 0/83 HPs)
             Began as a Ghoul Monk on Mar 6, 2019.
             Slain by a two-headed ogre
             ... wielding a +0 giant club
              (6 damage)
             ... on level 8 of the Dungeon.
             The game lasted 00:16:49 (7360 turns).

Borgoz the Grappler (Ghoul Monk)                    Turns: 7360, Time: 00:16:49

Health: 0/83       AC: 11    Str: 16    XL:     10   Next: 23%
Magic:  0/12       EV: 19    Int:  8    God:
Gold:   504        SH:  0    Dex: 16    Spells: 8/13 levels left

rFire    . . .     SeeInvis .     - Unarmed
rCold    + + .     Gourm    .   (no shield)
rNeg     + + +     Faith    .   d - +0 ring mail
rPois    ∞         Spirit   +   s - +0 helmet
rElec    .         Reflect  .   r - +2 cloak
rCorr    .         Harm     .   (no gloves)
MR       .....                  f - +0 pair of boots
Stlth    ++........             p - amulet of guardian spirit
HPRegen  0.00/turn              B - ring of protection from cold
MPRegen  0.13/turn              (no ring)

@: agile, rotting
A: rotting body, claws 1, carnivore, cold resistance 1, negative energy
resistance 3, inhibited regeneration, torment resistance, unbreathing
a: no special abilities


You were on level 8 of the Dungeon.
You were not hungry.

You visited 2 branches of the dungeon, and saw 9 of its levels.
You also visited: Sewer.

You collected 504 gold pieces.

Inventory:

Hand Weapons
 b - a +1 blowgun
 q - a +2 quarterstaff of chaos
Missiles
 F - 46 poisoned needles
Armour
 d - a +0 ring mail (worn)
 f - a +0 pair of boots (worn)
 r - a +2 cloak (worn)
 s - a +0 helmet (worn)
Jewellery
 h - an uncursed ring of flight
 p - an amulet of guardian spirit (around neck)
 B - a ring of protection from cold (left claw)
Wands
 v - a wand of polymorph (8)
 y - a wand of random effects (12)
 G - a wand of flame (19)
Scrolls
 a - 2 scrolls of identify
 c - a scroll of magic mapping
 g - 2 scrolls of amnesia {unknown}
 i - 5 scrolls of remove curse
 j - 4 scrolls of teleportation
 n - a scroll of fog {unknown}
 u - 2 scrolls of immolation {unknown}
 w - a scroll of enchant weapon
 x - 4 scrolls of noise {unknown}
 C - a scroll of fear {unknown}
Potions
 e - a potion of haste
 k - 3 potions of heal wounds
 l - a potion of berserk rage
 m - 2 potions of ambrosia {unknown}
 o - 8 potions of curing
 t - a potion of invisibility {unknown}
 z - 4 potions of brilliance
 A - a potion of mutation
 D - a potion of lignification {unknown}
 E - a potion of flight {unknown}
Comestibles
 I - 18 rations


   Skills:
 + Level 5.6 Fighting
 + Level 5.4 Armour
 + Level 5.9 Dodging
 - Level 2.1 Stealth
 + Level 10.6 Unarmed Combat
 + Level 2.3 Spellcasting
 + Level 2.1 Conjurations
 + Level 3.4 Translocations


You had 8 spell levels left.
You knew the following spells:

 Your Spells              Type           Power        Failure   Level  Hunger
a - Blink                 Tloc           N/A          22%         2    ###....
b - Mephitic Cloud        Conj/Pois/Air  #.......     80%         3    ####...

Your spell library contained the following spells:

 Spells                   Type           Power        Failure   Level  Hunger
 Magic Dart               Conj           #...         26%         1    ##.....
 Call Imp                 Summ           #.......     67%         2    ###....
 Slow                     Hex            #.......     67%         2    ###....
 Conjure Flame            Conj/Fire      #.......     77%         3    ####...


Dungeon Overview and Level Annotations

Branches:
Dungeon (8/15)             Temple (1/1) D:6            Lair (0/6) D:8

Altars:
Cheibriados
Fedhas
Gozag
Hepliaklqana
Kikubaaqudgha
Makhleb
Nemelex Xobeh
Sif Muna
Trog
Uskayaw
Vehumet
Wu Jian
Xom
Yredelemnul
Zin
The Shining One

Annotations:
D:7 Prince Ribbit


Innate Abilities, Weirdness & Mutations

Your body is rotting away.
You thrive on raw meat.
You are immune to poison.
You have sharp fingernails.
You are carnivorous and can eat meat at any time.
Your flesh is cold resistant. (rC+)
You are immune to negative energy. (rN+++)
You do not regenerate when monsters are visible.
You are immune to unholy pain and torment.
You can survive without breathing.


Message History

You feel agile all of a sudden.
The two-headed ogre completely misses you.
The two-headed ogre misses you.
Your ring mail prevents you from hitting the two-headed ogre.
The two-headed ogre is lightly wounded.
You barely miss the two-headed ogre.
The two-headed ogre is lightly wounded.
The two-headed ogre hits you with a +0 giant club!
* * * LOW HITPOINT WARNING * * *
The two-headed ogre closely misses you.
You barely miss the two-headed ogre. You claw the two-headed ogre.
The two-headed ogre is lightly wounded.
The two-headed ogre misses you. x2
You claw the two-headed ogre!
The two-headed ogre is moderately wounded.
You scratch the two-headed ogre but do no damage.
The two-headed ogre is moderately wounded.
The two-headed ogre barely misses you.
The two-headed ogre hits you with a +0 giant club!
You die...

..#......#,,*,,,,,,,*,,*
*,,,*
......####,,,,*,,,*,,,,*
*,,,* #.###<#*
*_,,,,,*,,,,,_******,,,*
#.##...#
###,,,,,,,,,***,,,,,,,,*
#.#..#.#
#.##*,,,,,**##*****,,*,*
#.#..,(#
#..#***_*##..#*****,,*,*
#.#.#*## #..#
###...,,,,,,,,,,,*
#.#.##
#..####..##..#*****,,,,,
#>...#####).....@O....#
**,,,,
#...........(.....#####
*****
##...##########...#
##.## #<..# #.# #..>#
#.#*********#$..#
#..,,,,,,,,,....#
###*********#####


You could see a two-headed ogre.

Vanquished Creatures
  A two-headed ogre (D:8)
  Pikel (D:7)
  Joseph (D:7)
  Grinder (D:3)
  Duvessa (D:7)
  A water moccasin (D:7)
  An orc warrior (D:7)
  An ice beast (D:6)
  A necrophage (D:8)
  2 ogres
  3 phantoms
  A big kobold (Sewer)
  A bullfrog (D:6)
  Dowan (D:7)
  A scorpion (D:5)
  3 wights (D:7)
  3 howler monkeys
  A crimson imp (D:5)
  3 jellies
  A centaur zombie (D:7)
  Crazy Yiuf (D:2)
  A bullfrog skeleton (D:6)
  A gnoll shaman (D:4)
  An orc priest (D:7)
  Ijyb (D:3)
  3 centaur skeletons
  2 orc wizards
  3 iguanas (D:6)
  2 worker ants
  A hound skeleton (D:6)
  A howler monkey zombie (D:6)
  2 worker ant zombies
  Robin (D:3)
  5 gnolls (D:4)
  12 adders
  3 river rats (Sewer)
  A shadow imp (D:5)
  2 oozes (Sewer)
  4 worms
  3 dart slugs
  6 leopard geckos
  16 orcs
  7 ball pythons
  9 giant cockroaches
  15 goblins
  15 hobgoblins
  17 jackals
  25 kobolds
  5 quokkas
  10 bats
  6 frilled lizards
  27 rats
237 creatures vanquished.

Vanquished Creatures (others)
  3 slaves (D:7)
3 creatures vanquished.

Grand Total: 240 creatures vanquished

Notes
Turn   | Place    | Note
-------+----------+-------------------------------------------
     0 | D:1      | Borgoz the Ghoul Monk began the quest for the Orb.
     0 | D:1      | Reached XP level 1. HP: 19/19 MP: 0/0
   100 | D:1      | Reached XP level 2. HP: 26/26 MP: 1/1
   287 | D:1      | Reached XP level 3. HP: 27/33 MP: 2/2
   298 | D:1      | Reached skill level 4 in Unarmed Combat
   687 | D:2      | Reached XP level 4. HP: 25/40 MP: 3/3
  1417 | D:2      | Found a runed translucent door.
  1418 | D:2      | Noticed Crazy Yiuf
  1486 | D:2      | Reached XP level 5. HP: 45/46 MP: 4/4
  1585 | D:2      | Killed Crazy Yiuf
  1585 | D:2      | Reached skill level 1 in Armour
  1585 | D:2      | Reached skill level 5 in Unarmed Combat
  1703 | D:3      | Noticed Robin
  1758 | D:3      | Killed Robin
  2005 | D:3      | Noticed Grinder
  2015 | D:3      | Paralysed by Grinder for 4 turns
  2027 | D:3      | Killed Grinder
  2027 | D:3      | Reached skill level 6 in Unarmed Combat
  2027 | D:3      | Reached XP level 6. HP: 30/52 MP: 5/5
  2290 | D:3      | Noticed Ijyb
  2297 | D:3      | Paralysed by Ijyb for 7 turns
  2309 | D:3      | Paralysed by Ijyb for 4 turns
  2328 | D:3      | Killed Ijyb
  2556 | D:3      | Reached XP level 7. HP: 56/59 MP: 4/6
  3436 | D:4      | Reached skill level 7 in Unarmed Combat
  3539 | D:5      | Entered Level 5 of the Dungeon
  4318 | D:6      | Found a hide-covered altar of Uskayaw.
  4367 | D:6      | Found a staircase to the Ecumenical Temple.
  4409 | D:6      | Found a snail-covered altar of Cheibriados.
  4411 | Temple   | Entered the Ecumenical Temple
  4711 | D:6      | Found a glowing drain.
  4734 | D:6      | Reached skill level 8 in Unarmed Combat
  4734 | D:6      | Reached XP level 8. HP: 58/66 MP: 7/7
  4875 | Sewer    | Entered a sewer
  5217 | Sewer    | Reached skill level 9 in Unarmed Combat
  5788 | D:7      | Learned a level 2 spell: Blink
  5856 | D:7      | Noticed Joseph
  5874 | D:7      | Killed Joseph
  5874 | D:7      | Reached skill level 5 in Dodging
  5874 | D:7      | Reached skill level 1 in Translocations
  5874 | D:7      | Reached XP level 9. HP: 17/72 MP: 2/8
  6152 | D:7      | Noticed Duvessa
  6152 | D:7      | Noticed Dowan
  6168 | D:7      | Killed Duvessa
  6175 | D:7      | Reached skill level 10 in Unarmed Combat
  6195 | D:7      | Killed Dowan
  6314 | D:7      | Learned a level 3 spell: Mephitic Cloud
  6691 | D:7      | Reached skill level 1 in Spellcasting
  6817 | D:7      | Noticed Pikel
  6828 | D:7      | Killed Pikel
  6828 | D:7      | Reached skill level 5 in Fighting
  6828 | D:7      | Reached skill level 5 in Armour
  6828 | D:7      | Reached skill level 1 in Conjurations
  7014 | D:7      | Noticed Prince Ribbit
  7263 | D:8      | Reached XP level 10. HP: 75/80 MP: 11/11
  7322 | D:8      | Noticed a two-headed ogre
  7344 | D:8      | Killed a two-headed ogre
  7350 | D:8      | Noticed a two-headed ogre
  7360 | D:8      | Slain by a two-headed ogre

Skill      XL: |  1  2  3  4  5  6  7  8  9 10 |
---------------+-------------------------------+-----
Dodging        | 3 4 5 |  5.9
Unarmed Combat | 4 6 8 9 10 | 10.6
Armour         | 2 3 4 5 |  5.4
Fighting       | 4 5 |  5.6
Translocations | 1 3 |  3.4
Spellcasting   | 1 2 |  2.3
Conjurations   | 1 2 |  2.1
Stealth        | |  2.1

Action                   |  1- 3 |  4- 6 |  7- 9 | 10-12 || total
-------------------------+-------+-------+-------+-------++-------
Melee: Unarmed           |   124 |   276 |   495 |    30 ||   925
       Punch             |     2 |     5 |    18 |     1 ||    26
Evoke: Wand              |       |       |     1 |     1 ||     2
  Use: Scroll            |       |     1 |    10 |     1 ||    12
       Potion            |       |       |     2 |     2 ||     4
 Stab: Invisible         |       |     1 |       |       ||     1
  Eat: Chunk             |     2 |    13 |    21 |     2 ||    38
Armor: Ring mail         |    47 |   120 |   198 |     2 ||   367
Dodge: Dodged            |    89 |   165 |   261 |    27 ||   542
